 Dungeon Crawl Stone Soup version 0.23-a0-139-ga22e90c45f (webtiles) character file.

137 Kaname the Conjurer (level 5, 35/35 HPs)
             Began as a Demonspawn Wizard on Aug 31, 2018.
             Quit the game on level 3 of the Dungeon.
             The game lasted 00:07:03 (2926 turns).

Kaname the Conjurer (Demonspawn Wizard)             Turns: 2926, Time: 00:07:03

Health: 35/35      AC:  4    Str:  7    XL:     5   Next: 0%
Magic:  4/9        EV: 12    Int: 21    God:
Gold:   186        SH:  0    Dex: 11    Spells: 1/10 levels left

rFire    . . .     SeeInvis .   n - +0 long sword
rCold    . . .     Gourm    .   (no shield)
rNeg     . . .     Faith    .   a - +0 robe
rPois    .         Spirit   .   b - +0 hat
rElec    .         Reflect  .   (no cloak)
rCorr    .         Harm     .   (no gloves)
MR       .....                  (no boots)
Stlth    ++........             (no amulet)
HPRegen  0.11/turn              (no ring)
MPRegen  0.11/turn              (no ring)

@: no status effects
A: antennae 1, icy blue scales 1
a: no special abilities


You were on level 3 of the Dungeon.
You were not hungry.

You visited 1 branch of the dungeon, and saw 3 of its levels.

You collected 186 gold pieces.

Inventory:

Hand Weapons
 k - a +0 short sword
 n - a +0 long sword (weapon)
Missiles
 e - 51 arrows
Armour
 a - a +0 robe (worn)
 b - a +0 hat (worn)
 j - a +0 buckler
Wands
 m - a wand of flame (24)
Scrolls
 c - 2 scrolls of identify {unknown}
 g - a scroll of random uselessness {unknown}
 h - a scroll of fear {unknown}
 l - a scroll of teleportation {unknown}
 o - a scroll of magic mapping {unknown}
Potions
 f - a potion of resistance {unknown}
 i - a potion of might
 p - a potion of brilliance {unknown}
 q - a potion of flight {unknown}
Comestibles
 d - 2 rations


   Skills:
 - Level 1.7 Dodging
 - Level 1.7 Stealth
 - Level 3.0 Spellcasting
 + Level 4.9 Conjurations
   Level 1.0 Summonings
 - Level 0.8 Translocations


You had one spell level left.
You knew the following spells:

 Your Spells              Type           Power        Failure   Level  Hunger
a - Magic Dart            Conj           ###.         1%          1    None
b - Blink                 Tloc           N/A          14%         2    ##.....
c - Mephitic Cloud        Conj/Pois/Air  ##......     21%         3    ###....
d - Conjure Flame         Conj/Fire      ##......     14%         3    ###....

Your spell library contained the following spells:

 Spells                   Type           Power        Failure   Level  Hunger
 Call Imp                 Summ           #.......     13%         2    ##.....
 Slow                     Hex            #.......     21%         2    ##.....


Dungeon Overview and Level Annotations

Branches:
Dungeon (3/15)

Altars:
The Shining One

Annotations:
D:3 Grinder


Innate Abilities, Weirdness & Mutations

You have a pair of small antennae on your head.
You are partially covered in icy blue scales. (AC +2)


Message History

Confirm with . or Enter, or press ? or * to list all spells.
Aiming: Magic Dart (safe; 1% risk of failure)
Press: ? - help, Shift-Dir - straight line, f/p - Jessica
Aim: Jessica, wielding a club and wearing an embroidered robe (lightly wounded)
The magic dart hits Jessica.
Jessica is heavily wounded.
Jessica mumbles something strange.
Jessica gestures at you while chanting.
You barely resist.
Casting: Magic Dart (safe; 1% risk of failure)
Confirm with . or Enter, or press ? or * to list all spells.
Aiming: Magic Dart (safe; 1% risk of failure)
Press: ? - help, Shift-Dir - straight line, f/p - Jessica
Aim: Jessica, wielding a club and wearing an embroidered robe (heavily wounded)
The magic dart hits Jessica.
You kill Jessica!
You have reached level 5!
Your demonic ancestry asserts itself...
Icy blue scales grow over part of your body.
Are you sure you want to abandon this character and quit the game? (Confirm

....##...#
#.#
.....#####
#.# #...##
#.# ....#
#.# ##.##
#.# #.#
#.#####
##'##
#.....#
#...##
#####.#
.....##
#@#
......##
#.#
.......#
#.#
.......+
#.#
.......#
#)#
.....)##
...
.....##
#.# #...##
#.# ##'##


There were no monsters in sight!

Vanquished Creatures
  Jessica (D:3)
  Robin (D:2)
  3 adders
  2 worms (D:2)
  2 dart slugs (D:2)
  A leopard gecko (D:3)
  10 bats
  4 giant cockroaches
  12 hobgoblins
  2 quokkas
  2 frilled lizards
  11 goblins
  4 kobolds
  7 rats
62 creatures vanquished.

Notes
Turn   | Place    | Note
-------+----------+-------------------------------------------
     0 | D:1      | Kaname the Demonspawn Wizard began the quest for the Orb.
     0 | D:1      | Reached XP level 1. HP: 13/13 MP: 4/4
   220 | D:1      | Reached skill level 2 in Conjurations
   287 | D:1      | Gained mutation: You have a pair of small antennae on your
                  | head. [demonic ancestry]
   287 | D:1      | Reached XP level 2. HP: 19/19 MP: 4/6
   769 | D:2      | Reached skill level 3 in Conjurations
   835 | D:2      | Reached XP level 3. HP: 22/24 MP: 4/7
   842 | D:2      | Learned a level 2 spell: Blink
   846 | D:2      | Learned a level 3 spell: Mephitic Cloud
  1601 | D:2      | Reached XP level 4. HP: 14/30 MP: 3/8
  1640 | D:2      | Noticed Robin
  1671 | D:2      | Reached skill level 4 in Conjurations
  1884 | D:2      | Killed Robin
  2027 | D:2      | Learned a level 3 spell: Conjure Flame
  2044 | D:2      | Found a faded altar of an unknown god.
  2464 | D:3      | Noticed Grinder
  2480 | D:3      | Paralysed by Grinder for 4 turns
  2496 | D:2      | Found a glowing golden altar of the Shining One.
  2921 | D:3      | Noticed Jessica
  2925 | D:3      | Killed Jessica
  2925 | D:3      | Gained mutation: You are partially covered in icy blue
                  | scales. (AC +2) [demonic ancestry]
  2925 | D:3      | Reached XP level 5. HP: 35/35 MP: 4/9
  2926 | D:3      | Quit the game

Vault maps used:
D:1:      mrwooster_arrival_statue
D:2:      nicolae_overflow_hidden_temple, chequers_ecumenical_altar_lobes,
          uniq_robin
D:3:      first_ration, roderic_lattice_a, st_stairs_14, minmay_misc_feat_doors,
          uniq_jessica, uniq_grinder, uniq_crazy_yiuf_cottage

Skill      XL: |  1  2  3  4 |
---------------+-------------+-----
Conjurations   | 2 3 4 |  4.9
Dodging        | |  1.7
Stealth        | |  1.7
Spellcasting   | |  3.0
Summonings     | |  1.0
Translocations | |  0.8

Action                   |  1- 3 |  4- 6 || total
-------------------------+-------+-------++-------
Melee: Club              |    50 |       ||    50
       Short sword       |     9 |    18 ||    27
       Long sword        |       |    12 ||    12
 Cast: Magic Dart        |    88 |    26 ||   114
       Mephitic Cloud    |       |     2 ||     2
  Use: Potion            |     1 |       ||     1
 Stab: Confused          |       |     1 ||     1
  Eat: Chunk             |     2 |     4 ||     6
Armor: Robe              |    19 |     4 ||    23
Dodge: Dodged            |    58 |    19 ||    77
       Rpst.: Long sword |       |     4 ||     4

Table legend:
 A = Non-vault XP
 B = Vault XP
 C = Vault XP percentage of total XP
 D = Non-vault monster count
 E = Vault monster count
 F = Vault count percentage of total count
                 A         B        C        D         E       F
            +---------+---------+-------+---------+---------+-------
      Total |     124 |      72 |  36.7 |      49 |      13 |  21.0
            +---------+---------+-------+---------+---------+-------
        D:1 |      22 |       2 |   8.3 |      15 |       1 |   6.2
        D:2 |      80 |      33 |  29.2 |      28 |      11 |  28.2
        D:3 |      22 |      37 |  62.7 |       6 |       1 |  14.3
            +---------+---------+-------+---------+---------+-------
